 Dungeon Crawl Stone Soup version 0.28-a0-1159-g27aa881441 (webtiles) character file.

Game seed: 11951680923899179275

280 SensoryNuts the Sneak (level 6, -5/30 HPs)
             Began as a Spriggan Artificer on Dec 15, 2021.
             Slain by a lemure (7 damage)
             ... led by Pikel
             ... on level 4 of the Dungeon.
             The game lasted 00:05:48 (3234 turns).

SensoryNuts the Sneak (Spriggan Artificer)          Turns: 3234, Time: 00:05:50

Health: -5/30      AC:  3    Str: 10    XL:     6   Next: 5%
Magic:  7/7        EV: 19    Int: 13    God:
Gold:   182        SH:  0    Dex: 21    Spells: 5/5 levels left

rFire   . . .      SeeInvis +   h - +2 trident (vamp)
rCold   . . .      Faith    .   (shield currently unavailable)
rNeg    . . .      Spirit   .   b - +0 robe
rPois   .          Reflect  .   (helmet restricted)
rElec   .          Harm     .   j - +0 cloak
rCorr   .          Rampage  .   (gloves unavailable)
Will    +....                   (boots unavailable)
Stlth   +++.......              (no amulet)
HPRegen 0.10/turn               p - +6 ring of dexterity
MPRegen 0.10/turn               (no ring)

@: very quick
A: very small, no large weapons, unfitting armour, see invisible, speed 3
a: no special abilities


You were on level 4 of the Dungeon.
You visited 1 branch of the dungeon, and saw 4 of its levels.

You collected 182 gold pieces.

Inventory:

Hand Weapons
 a - a +0 club
 h - a +2 vampiric trident (weapon)
 k - a +2 dagger of venom
Armour
 b - a +0 robe (worn)
 j - a +0 cloak (worn)
 l - a +0 ring mail
 o - a +0 scale mail
 r - a +0 chain mail
Jewellery
 p - a +6 ring of dexterity (left hand)
Wands
 c - a wand of flame (15) (quivered)
 d - a wand of charming (15)
Scrolls
 f - 3 scrolls of identify
 g - a scroll of teleportation {unknown}
 i - a scroll of acquirement {unknown}
 m - 2 scrolls of blinking
 n - a scroll of fear
 s - a scroll of enchant weapon {unknown}
Potions
 q - a potion of magic
Miscellaneous
 e - a piece from Xom's chessboard (15/15)


   Skills:
 + Level 1.5 Fighting
 + Level 2.7 Polearms
 + Level 4.1 Dodging
 + Level 5.4 Stealth
 + Level 4.5 Evocations


You had 5 spell levels left.
You didn't know any spells.
Your spell library contained the following spells:

 Spells                   Type           Power      Damage    Failure   Level
 Gell's Gravitas          Tloc           0%         N/A       67%         3
 Ignite Poison            Fire/Tmut/Pois 0%         N/A       67%         3
 Lesser Beckoning         Tloc           0%         N/A       67%         3
 Mephitic Cloud           Conj/Pois/Air  0%         N/A       67%         3
 Teleport Other           Tloc           0%         N/A       67%         3
 Freezing Cloud           Conj/Ice/Air   0%         6-21      100%        5


Dungeon Overview and Level Annotations

Branches:
Dungeon (4/15)
 Temple: D:4-7

Altars:

Shops:
D:3 ((![[

Annotations:
D:4 Pikel


Innate Abilities, Weirdness & Mutations

You are very small and have problems with some larger weapons.
You are too small for most types of armour.
You have supernaturally acute eyesight. (SInv)
You cover ground extremely quickly. (Speed+++)


Message History

No target in view!
No target in view!
No target in view!
No target in view!
A lemure comes into view.
There are monsters nearby!
There are monsters nearby!
There are monsters nearby!
A lemure and Pikel come into view.
Pikel is wielding a +0 whip of freezing.
Pikel shouts!
The lemure shouts! x3
The lemure moves out of view.
You hit the lemure but do no damage. The lemure completely misses you.
You hit the lemure but do no damage. The lemure hits you. The lemure hits you!
You barely miss the lemure. The lemure hits you. The lemure misses you.
You puncture the lemure!
The lemure is moderately wounded.
The lemure misses you.
You hit the lemure.
The lemure is moderately wounded.
The lemure closely misses you. x2; The lemure hits you!
You are too injured to fight recklessly!
Okay, then.
You completely miss Pikel. The lemure completely misses you.
The lemure closely misses you.
Pikel hits you with a +0 whip of freezing.
* * * LOW HITPOINT WARNING * * *
Pikel freezes you.
* * * LOW HITPOINT WARNING * * *
You closely miss Pikel. The lemure hits you.
* * * LOW HITPOINT WARNING * * *
The lemure completely misses you. Pikel completely misses you.
The lemure barely misses you.
You hit Pikel but do no damage. The lemure closely misses you.
Pikel hits you with a +0 whip of freezing.
* * * LOW HITPOINT WARNING * * *
Pikel freezes you.
* * * LOW HITPOINT WARNING * * *
The lemure hits you!
You die...

### ############# #..
...........####.#
.............#.#
####.##......##.#.####.
##.....5..###.##.......#
......K5#..##.###...###.
#.#@5..##.......)...
#)#.##.##.###...##..
#.#.##)##.# ##......
#.........# #####..
###.##.#### #.. #.##.#
### #.##.#### # #.#. #.#
#.......# # #.#. #.#
####.##.# #


You could see Pikel and 3 lemures.

Vanquished Creatures
  A scorpion (D:4)
  2 jellies (D:4)
  An orc priest (D:3)
  2 orc wizards (D:3)
  A hound skeleton (D:4)
  An adder (D:2)
  A worm (D:3)
  2 dart slugs
  3 orcs (D:3)
  3 endoplasms
  2 giant cockroaches
  5 hobgoblins
  A quokka (D:1)
  2 ball pythons
  5 bats
  6 frilled lizards
  9 goblins
  6 kobolds
  5 rats
58 creatures vanquished.

Notes
Turn   | Place    | Note
-------+----------+-------------------------------------------
     0 | D:1      | SensoryNuts the Spriggan Artificer began the quest for the
                  | Orb.
     0 | D:1      | Reached XP level 1. HP: 9/9 MP: 2/2
   188 | D:1      | Found a faded altar of an unknown god.
   342 | D:1      | Reached XP level 2. HP: 14/14 MP: 3/3
   380 | D:1      | Reached skill level 2 in Stealth
   844 | D:1      | Reached skill level 1 in Fighting
   844 | D:1      | Reached XP level 3. HP: 18/18 MP: 4/4
  1017 | D:2      | Reached skill level 3 in Stealth
  1732 | D:3      | Found Rarenad's Distillery.
  1732 | D:3      | Found Qoarchar's Antique Weapon Boutique.
  1778 | D:3      | Found Vaxuce Faun's Antique Weapon Boutique.
  1815 | D:3      | Found Viosog's Antique Armour Emporium.
  1834 | D:3      | Found Yqalirgh's Antique Armour Emporium.
  1926 | D:3      | Reached skill level 1 in Polearms
  2003 | D:3      | Reached XP level 4. HP: 22/22 MP: 5/5
  2020 | D:3      | Reached skill level 4 in Stealth
  2026 | D:3      | Reached XP level 5. HP: 25/25 MP: 6/6
  2804 | D:4      | Reached skill level 5 in Stealth
  2828 | D:4      | Noticed a lemure
  2828 | D:4      | Noticed a lemure
  3082 | D:4      | Reached XP level 6. HP: 26/30 MP: 7/7
  3226 | D:4      | Noticed Pikel
  3234 | D:4      | Slain by a lemure

Illustrated notes

Levels and vault maps discovered:
D:1:      dpeg_arrival_rooms_a, layout_basic,
          chequers_ecumenical_altar_simple_redux
D:2:      layout_basic, serial_rivers, chequers_serial_rivers_marsh,
          chequers_serial_rivers_micro_c, chequers_serial_rivers_micro_e,
          chequers_serial_rivers_micro_d, chequers_serial_rivers_small_a
D:3:      layout_loops_corners, serial_shops, shop, nicolae_square_shop, shop,
          shop_statue, shop_statue
D:4:      layout_loops_ring, uniq_pikel

Skill      XL: |  1  2  3  4  5 |
---------------+----------------+-----
Stealth        | 2 3 4 5 |  5.4
Fighting       | 1 |  1.5
Polearms       | 1 2 |  2.7
Dodging        | 4 |  4.1
Evocations     | |  4.5

Action                   |  1- 3 |  4- 6 || total
-------------------------+-------+-------++-------
Melee: Club              |    17 |       ||    17
       Trident           |    97 |    63 ||   160
  Use: Potion            |     3 |     1 ||     4
       Scroll            |     3 |       ||     3
 Stab: Sleeping          |    10 |     8 ||    18
Armor: Robe              |     9 |     1 ||    10
Dodge: Dodged            |    77 |    50 ||   127

Table legend: (Time is in decaauts)
 A = Elapsed time spent in this place.
 B = Non-inter-level travel time spent in this place.
 C = Inter-level travel time spent in this place.
 D = Time resting spent in this place.
 E = Time spent auto-exploring this place.
 F = Levels seen in this place.
 G = Mean time per level.
                   A        B        C        D        E       F      G
               +--------+--------+--------+--------+--------+-----+--------+
         Total |   2336 |   2290 |     46 |      0 |   1786 |   4 |  584.0 |
       Dungeon |   2336 |   2290 |     46 |      0 |   1786 |   4 |  584.0 |
               +--------+--------+--------+--------+--------+-----+--------+

Top non-repeatable levels by time:
     D:1: 717 daAuts
     D:4: 571 daAuts
     D:3: 524 daAuts
     D:2: 522 daAuts
